 Dungeon Crawl Stone Soup version 0.16-a0-1858-gba9b1e2 (webtiles) character file.

44949 Kraw the Brawler (level 13, 0/127 HPs)
             Began as a Troll Wanderer on Nov 4, 2014.
             Was a High Priest of Nemelex Xobeh.
             Splashed by a brown ugly thing's acid (4 damage)
             ... on level 13 of the Dungeon.
             The game lasted 02:42:11 (18029 turns).

Kraw the Brawler (Troll Wanderer)                  Turns: 18029, Time: 02:42:15

Health: 0/127      AC: -6    Str: 23    XL:     13   Next: 99%
Magic:  24/24      EV: 12    Int:  6    God:    Nemelex Xobeh [*****.]
Gold:   1188       SH: 14    Dex: 15    Spells: 0 memorised, 12 levels left

rFire  . . .     SeeInvis +       - Unarmed
rCold  . . .     Clarity  .     d - +1 robe
rNeg   + + .     SustAb   .     g - +3 shield {reflect}
rPois  +         Gourm    +     E - +2 hat
rElec  .         Spirit   .     Q - +0 cloak
rCorr  .         Warding  +     (gloves unavailable)
rMut   .         Stasis   .     (boots unavailable)
MR     .....                    j - amulet of warding
Stlth  ++........               a - ring of Shadows {Umbra +Inv rN+ SInv}
                                J - ring of poison resistance

@: corroded equipment, wreathed by umbra, not resistant to hostile enchantments,
unstealthy
A: unfitting armour, claws 3, fast metabolism 3, gourmand, regeneration 2,
shaggy fur 1, tough skin 2
a: Triple Draw, Deal Four, Stack Five, Renounce Religion, Evoke Invisibility


You were on level 13 of the Dungeon.
You worshipped Nemelex Xobeh.
Nemelex Xobeh was extremely pleased with you.
You were full.

You visited 3 branches of the dungeon, and saw 19 of its levels.
You also visited: Labyrinth and Bailey.

You collected 1188 gold pieces.

Inventory:

Hand weapons
 e - a +4 blowgun
Missiles
 I - 7 large rocks (quivered)
 U - 5 curare-tipped needles
 W - 49 poisoned needles
Armour
 d - a +1 robe (worn)
 g - a +3 shield of reflection (worn)
 E - a +2 hat (worn)
 Q - a +0 cloak (worn)
Magical staves
 c - an uncursed staff of air
Rods
 b - a +2 rod of destruction (7/12)
   (You found it on level 5 of the Dungeon)
 q - a +5 rod of ignition (9/13)
   (You found it in a labyrinth)
Jewellery
 a - the ring of Shadows (right claw) {Umbra +Inv rN+ SInv}
   (You found it on level 1 of the Lair of Beasts)

   [ring of invisibility]

   It protects you from negative energy.
   It enhances your eyesight.
   It lets you turn invisible.
 j - an amulet of warding (around neck)
 A - an uncursed ring of ice
 J - a ring of poison resistance (left claw)
Magical devices
 n - a wand of paralysis (6)
 B - a wand of disintegration (11)
 D - a wand of disintegration (3)
 K - a wand of disintegration (13)
 L - a wand of digging (19)
 P - a wand of enslavement (13)
Scrolls
 i - 3 scrolls of fear
 w - 2 scrolls of remove curse
 x - 3 scrolls of summoning
 y - 2 scrolls of blinking
 C - 2 scrolls of teleportation
 M - 3 scrolls of fog
 O - 3 scrolls of recharging
Potions
 k - a potion of confusion {unknown}
 l - 5 potions of curing
 m - 2 potions of might
 t - 2 potions of heal wounds
 u - 2 potions of agility {unknown}
 z - 2 potions of flight
 H - 3 potions of brilliance {unknown}
 N - 2 potions of haste {unknown}
 R - a potion of beneficial mutation {unknown}
 T - a potion of cancellation {unknown}
 Z - 2 potions of berserk rage {unknown}
Miscellaneous
 f - a plain deck of war
 o - a legendary deck of war
 v - a legendary deck of war
 F - an ornate deck of escape
 G - an ornate deck of war
 S - an ornate deck of war {drawn: 9}
 V - a plain deck of defence
 X - an ornate deck of war
Comestibles
 h - 3 bread rations
 p - 12 slices of pizza
 s - 8 beef jerkies


   Skills:
 - Level 7.9 Fighting
   Level 1.0 Short Blades
 - Level 5.7 Dodging
 - Level 1.7 Stealth
 + Level 7.1 Shields
 - Level 15.1 Unarmed Combat
 - Level 11.0 Evocations


You had 12 spell levels left.
You didn't know any spells.

Dungeon Overview and Level Annotations

Branches:
Dungeon (14/15)            Temple (1/1) D:5            Lair (4/8) D:10
  Snake (0/5) Lair:3          Orc (0/4) D:11         Vaults (0/5) D:14
  Swamp: Lair:3-6    Shoals: Lair:3-6

Altars:
Ashenzari
Cheibriados
Dithmenos
Elyvilon
Fedhas
Gozag
Kikubaaqudgha
Makhleb
Nemelex Xobeh
Okawaru
Qazlal
Ru
Sif Muna
Trog
Vehumet
Xom
Yredelemnul
Zin
The Shining One

Shops:
D:5 }

Annotations:
Lair:2 exclusion: oklob plant


Innate Abilities, Weirdness & Mutations

You are too large for most types of armour.
You have claws for hands.
Your metabolism is lightning-fast.
You like to eat raw meat.
You heal very quickly.
You are covered in fur (AC +1).
You have very tough skin (AC +2).


Message History

You climb downwards.
You block the brown ugly thing's attack.
The white ugly thing engulfs you! The white ugly thing freezes you!!
The brown ugly thing tail-slaps you!
You are splashed with acid!
The acid corrodes your equipment!
The acid burns!
There is a stone staircase leading up, spattered with blood here.
Unknown command.
You block the brown ugly thing's attack.
You block the white ugly thing's attack.
The brown ugly thing tail-slaps you!
You are splashed with acid!
The acid corrodes your equipment!
The acid burns!
You climb upwards.
There is a stone staircase leading down here.
The white ugly thing engulfs you. The white ugly thing freezes you!!
* * * LOW HITPOINT WARNING * * *
The brown ugly thing claws you!
* * * LOW HITPOINT WARNING * * *
You are splashed with acid!
The acid corrodes your equipment!
The acid burns!
You die...
Your body glows slightly and disappears.

#.# ##...## #...#.##.#. #.#
##.## ###.#.##.#. #.# #.#
#.#.#.... #.#
#.########.#...... #.#
#................. #.#
##########.#......
#.######### ##.#......
#.##......# ###.........
##.##.####@#####....)..#...
#........uuu.....#.......).
#..##.####.................
#..##.# ###.##########.#.#
#J.##.# #.# #.#.#
#..##.######.# #....
#............# ###.#.#
#.####.####### #...#.#
#....#.# ########.....#


You could see 3 ugly things.

Vanquished Creatures
  4 vault guards
  A minotaur (Lab)
  A hydra (Lair:1)
  2 tengu warriors (D:13)
  3 death yaks
  Urug (D:14)
  A deep elf knight (Bailey)
  Erolcha (D:12)
  2 unseen horrors
  4 hill giants
  3 cyclopes
  5 ugly things
  5 elephants (Lair:3)
  Joseph (D:8)
  A black mamba (Lair:4)
  3 gargoyles
  3 spiny frogs
  A komodo dragon (D:14)
  A tengu conjurer (D:14)
  An efreet (D:14)
  A fire drake (Lair:2)
  A kobold demonologist (D:12)
  A deep elf priest (Bailey)
  3 trolls
  A minotaur zombie (Lab)
  7 blink frogs
  A freezing wraith (D:12)
  4 ravens
  4 slime creatures (D:13)
  21 yaks
  3 basilisks
  9 deep elf magi
  A wraith (D:14)
  A human (D:11)
  3 vampire mosquitoes (D:14)
  A steam dragon (D:8)
  4 deep elf fighters (Bailey)
  A hog (D:11)
  A hill giant skeleton (D:8)
  5 hippogriffs
  4 wolves (Lair:3)
  2 hungry ghosts
  3 wargs (D:10)
  A mottled dragon (D:13)
  3 nagas (Lair:3)
  7 ice beasts
  5 black bears
  4 orc warriors
  5 sky beasts
  6 water moccasins
  2 necrophages
  4 eyes of draining
  7 ogres
  2 yellow wasps
  2 phantoms
  4 porcupines
  4 big kobolds
  10 centaurs
  4 crocodiles
  11 giant frogs
  An elf skeleton (D:7)
  9 killer bees
  2 scorpions
  2 troll zombies (D:7)
  9 wights
  A troll skeleton (D:7)
  8 crimson imps
  A giant frog zombie (D:7)
  A goliath beetle (D:9)
  6 jellies
  A human zombie (D:7)
  9 orc priests
  A gnoll shaman (D:7)
  9 hounds
  13 iguanas
  12 worker ants
  8 orc wizards
  6 sheep
  A big kobold zombie (D:9)
  A basilisk simulacrum (D:14)
  The ghost of timbw the Firebug, a weakling OpFE (D:4)
  3 mummies
  11 adders
  17 gnolls
  23 green rats
  A scorpion zombie (D:9)
  A giant mite (D:6)
  An orc skeleton (D:7)
  4 shadow imps
  5 worms
  An adder skeleton (D:5)
  An adder zombie (D:6)
  6 giant geckos
  An ooze (D:1)
  34 orcs
  A bat skeleton (D:7)
  A bat zombie (D:6)
  8 giant cockroaches
  17 hobgoblins
  17 jackals
  4 quokkas
  7 bats
  2 giant cockroach zombies
  8 giant newts
  3 giant spores
  16 goblins
  A goblin skeleton (D:4)
  A hobgoblin skeleton (D:5)
  34 kobolds
  A kobold zombie (D:7)
  2 orc zombies
  17 rats
  A rat skeleton (D:4)
  3 ballistomycetes
  2 butterflies (D:14)
564 creatures vanquished.

Vanquished Creatures (collateral kills)
  3 blink frogs
  A human (D:11)
  2 yaks (Lair:3)
  A centaur (D:12)
  A big kobold (D:11)
  A giant frog (Lair:4)
  2 wights (D:12)
  An orc priest (D:11)
  An orc wizard (D:12)
  An orc skeleton (D:13)
  7 orcs (D:11)
  A kobold (D:11)
22 creatures vanquished.

Vanquished Creatures (others)
  A cyclops (D:13)
  2 elephants (Lair:4)
  A black mamba (Lair:4)
  A komodo dragon (Lair:3)
  A dancing weapon (Lair:3)
  A hippogriff (Lair:4)
  2 insubstantial wisps (D:8)
  A crimson imp (D:8)
  An orc wizard (D:5)
  A worker ant (D:12)
  4 orcs
  2 kobolds (D:12)
  2 butterflies (D:14)
  A fungus (Lair:3)
  A plant (Lair:4)
22 creatures vanquished.

Grand Total: 608 creatures vanquished

Notes
Turn   | Place    | Note
--------------------------------------------------------------
     0 | D:1      | Kraw, the Troll Wanderer, began the quest for the Orb.
     0 | D:1      | Reached XP level 1. HP: 23/23 MP: 1/1
   211 | D:1      | Reached skill level 1 in Unarmed Combat
   301 | D:1      | Reached XP level 2. HP: 31/31 MP: 1/1
   669 | D:1      | Reached XP level 3. HP: 37/37 MP: 2/2
  1154 | D:2      | Reached XP level 4. HP: 36/45 MP: 2/2
  1567 | D:3      | Reached skill level 4 in Unarmed Combat
  1958 | D:3      | Reached XP level 5. HP: 48/53 MP: 2/2
  2164 | D:3      | Found a blossoming altar of Fedhas.
  2201 | D:3      | Reached skill level 5 in Unarmed Combat
  2688 | D:4      | Noticed an ogre
  2703 | D:4      | Killed an ogre
  2703 | D:4      | Reached skill level 6 in Unarmed Combat
  2703 | D:4      | Reached XP level 6. HP: 44/61 MP: 4/4
  3041 | D:4      | Noticed timbw's ghost (weakling OpFE)
  3049 | D:4      | Killed timbw's ghost
  3150 | D:5      | Entered Level 5 of the Dungeon
  3158 | D:5      | Reached skill level 7 in Unarmed Combat
  3189 | D:5      | Identified a +0 rod of destruction (11/11) (You found it on level 5 of the Dungeon)
  3364 | D:5      | Reached XP level 7. HP: 47/67 MP: 4/4
  3456 | D:5      | Found Bearaih's Gadget Emporium.
  3479 | D:5      | Reached skill level 8 in Unarmed Combat
  3658 | D:5      | Found a glowing golden altar of the Shining One.
  3658 | D:5      | Found a bloodstained altar of Trog.
  3747 | D:5      | Found a staircase to the Ecumenical Temple.
  3757 | Temple   | Entered the Ecumenical Temple
  3990 | D:6      | Reached XP level 8. HP: 75/75 MP: 5/7
  4146 | D:6      | Found a white marble altar of Elyvilon.
  4408 | D:6      | Reached skill level 5 in Evocations
  4796 | D:7      | Reached skill level 9 in Unarmed Combat
  4925 | D:7      | Found a sparkling altar of Nemelex Xobeh.
  4935 | D:7      | Reached XP level 9. HP: 67/83 MP: 12/12
  4948 | D:7      | Reached skill level 10 in Unarmed Combat
  4964 | D:7      | Found an ancient bone altar of Kikubaaqudgha.
  4996 | D:7      | Became a worshipper of Nemelex Xobeh the Trickster
  5132 | D:7      | Found a deep blue altar of Sif Muna.
  5285 | D:7      | Received a gift from Nemelex Xobeh
  5315 | D:7      | Reached skill level 5 in Fighting
  5391 | D:7      | Found an ancient bone altar of Kikubaaqudgha.
  5714 | D:8      | Noticed Joseph
  5738 | D:8      | Killed Joseph
  5745 | D:8      | Reached XP level 10. HP: 64/98 MP: 12/12
  5785 | D:8      | Reached skill level 5 in Dodging
  5970 | D:8      | Found a flagged portal.
  5976 | Bailey   | Entered a bailey
  6216 | Bailey   | Reached skill level 11 in Unarmed Combat
  6279 | Bailey   | Noticed a deep elf knight
  6300 | Bailey   | Killed a deep elf knight
  6368 | Bailey   | Identified the Volume of a Thousand Deaths
  6612 | D:8      | Reached skill level 12 in Unarmed Combat
  7183 | D:8      | Reached XP level 11. HP: 80/105 MP: 13/13
  7523 | D:9      | Received a gift from Nemelex Xobeh
  7671 | D:9      | Found a radiant altar of Vehumet.
  7674 | D:9      | Found a shimmering altar of Xom.
  7677 | D:9      | Found a white marble altar of Elyvilon.
  8149 | D:10     | Entered Level 10 of the Dungeon
  8166 | D:10     | Reached skill level 13 in Unarmed Combat
  8337 | D:10     | Found a staircase to the Lair.
  8676 | D:10     | Noticed a hill giant
  8696 | D:10     | Killed a hill giant
  9227 | D:10     | Killed an unseen horror
  9497 | Lair:1   | Entered Level 1 of the Lair of Beasts
  9554 | Lair:1   | Noticed a five-headed hydra
  9564 | Lair:1   | Killed a five-headed hydra
  9692 | Lair:1   | Received a gift from Nemelex Xobeh
 10411 | Lair:2   | Received a gift from Nemelex Xobeh
 10619 | Lair:2   | Acquired Nemelex Xobeh's first power
 10863 | Lair:2   | Found a sacrificial altar of Ru.
 11315 | Lair:3   | Reached XP level 12. HP: 38/114 MP: 21/21
 11606 | Lair:3   | Received a gift from Nemelex Xobeh
 11766 | Lair:3   | Found a staircase to the Swamp.
 11853 | Lair:3   | Reached skill level 10 in Evocations
 11953 | Lair:3   | Found a staircase to the Snake Pit.
 12721 | Lair:4   | Received a gift from Nemelex Xobeh
 13235 | Lair:4   | Acquired Nemelex Xobeh's second power
 13520 | Lair:4   | Reached skill level 14 in Unarmed Combat
 13955 | D:11     | Found a staircase to the Orcish Mines.
 14081 | D:11     | Received a gift from Nemelex Xobeh
 14083 | D:11     | Found a glowing golden altar of the Shining One.
 14683 | D:12     | Reached XP level 13. HP: 117/120 MP: 24/24
 14707 | D:12     | Received a gift from Nemelex Xobeh
 14989 | D:12     | Reached skill level 15 in Unarmed Combat
 15162 | D:12     | Noticed Erolcha
 15309 | D:12     | Killed Erolcha
 15719 | D:13     | Found a labyrinth entrance.
 15723 | Lab      | Entered a labyrinth
 15922 | Lab      | Got a fine copper ring
 15922 | Lab      | Identified the Almanac of Floating Protection
 15925 | Lab      | Identified the ring of Sher {EV+2 Str-4 Int+5} (You found it in a labyrinth)
 15930 | Lab      | Identified a +5 rod of ignition (13/13) (You found it in a labyrinth)
 16131 | D:13     | Acquired Nemelex Xobeh's third power
 16131 | D:13     | Received a gift from Nemelex Xobeh
 16504 | D:13     | Received a gift from Nemelex Xobeh
 16716 | D:13     | Reached skill level 1 in Shields
 17278 | D:14     | Noticed Urug
 17287 | D:14     | Killed Urug
 17457 | D:14     | Reached skill level 5 in Shields
 17584 | D:14     | Found a gate to the Vaults.
 18029 | D:13     | HP: 4/127 [brown ugly thing (16)]
 18029 | D:13     | Splashed by a brown ugly thing's acid

Action                   |  1- 3 |  4- 6 |  7- 9 | 10-12 | 13-15 || total
-------------------------+-------+-------+-------+-------+-------++-------
Melee: Unarmed           |   110 |   153 |   259 |   787 |   318 ||  1627
       Rod               |       |       |     6 |     2 |     1 ||     9
 Fire: Blowgun           |       |    17 |     7 |    76 |     1 ||   101
Throw: Stone             |     5 |    21 |    21 |    10 |       ||    57
       Large rock        |       |       |       |       |    13 ||    13
Evoke: Rod               |       |       |    15 |    44 |    40 ||    99
       Deck              |       |       |     1 |    14 |    17 ||    32
       Wand              |       |       |       |     8 |     3 ||    11
  Use: Potion            |       |       |       |     1 |       ||     1
       Scroll            |       |       |       |    24 |     8 ||    32
 Stab: Distracted        |     1 |       |       |     2 |     1 ||     4
       Sleeping          |       |     2 |     8 |    10 |     3 ||    23
       Invisible         |       |       |       |     2 |     2 ||     4
  Eat: Chunk             |    16 |    19 |    25 |    89 |    30 ||   179
       Meat ration       |       |       |       |       |     1 ||     1
